[Event "ICC tourney 2248 (120 10)"]
[Site "Internet Chess Club"]
[Date "2020.12.27"]
[Round "3"]
[White "kittycat35"]
[Black "dswang"]
[Result "1/2-1/2"]
[ICCResult "Game drawn by mutual agreement"]
[WhiteElo "1724"]
[BlackElo "1828"]
[Opening "Ruy Lopez: closed, Kholmov variation"]
[ECO "C92"]
[NIC "RL.21"]
[Time "12:03:22"]
[PlyCount "126"]
[TimeControl "7200+10"]

1. e4 e5 2. Nf3 Nc6 3. Bb5 a6 4. Ba4 Nf6 5. O-O b5 6. Bb3 Be7 7. Re1 O-O 8.
c3 d6 9. h3 Be6 10. Bxe6 fxe6 11. d4 exd4 12. cxd4 d5 13. e5 Ne4 14. Nbd2
Nxd2 15. Bxd2 h6 16. Qc2 Qe8 17. Rec1 Nb4 18. Bxb4 Bxb4 19. Qc6 Ba5 20.
Qxe8 Rfxe8 21. Rc6 Bb6 22. Kf1 Kf7 23. Ke2 Ke7 24. Ke3 Kd7 25. Rac1 g5 26.
Nh2 Rf8 27. Ng4 Rf4 28. Nf6+ Ke7 29. Rd1 Rf8 30. g3 R4xf6 31. exf6+ Kd7 32.
Rc2 Rxf6 33. f4 gxf4+ 34. gxf4 Kd6 35. b4 Rg6 36. Kf3 Rf6 37. Rg2 Kd7 38.
Rg7+ Kd6 39. Rd2 Kc6 40. h4 h5 41. Rh7 Rf5 42. Rh6 Kd7 43. Rg6 c6 44. Rg5
Rf6 45. Rxh5 Bc7 46. Rh7+ Kc8 47. Rxc7+ Kxc7 48. h5 Kd7 49. Kg4 Ke7 50. Rc2
Rf8 51. Rxc6 Rg8+ 52. Kf3 Rh8 53. f5 exf5 54. h6 Ra8 55. h7 Kf7 56. Rh6 Rh8
57. Kf4 Kg7 58. Kg5 f4 59. Rxa6 Rf8 60. h8=Q+ Kxh8 61. Rh6+ Kg7 62. Rg6+
Kh7 63. Rh6+ Kg7 { Game drawn by mutual agreement } 1/2-1/2

[Event "ICC tourney 2248 (120 10)"]
[Site "Internet Chess Club"]
[Date "2020.12.27"]
[Round "3"]
[White "ZAPPAWITS"]
[Black "ShanksGames"]
[Result "1/2-1/2"]
[ICCResult "Game drawn by mutual agreement"]
[WhiteElo "1713"]
[BlackElo "1591"]
[Opening "Queen's pawn"]
[ECO "A40"]
[NIC "QO.17"]
[Time "12:02:52"]
[PlyCount "110"]
[TimeControl "7200+10"]

1. d4 e6 2. Bf4 f5 3. Nf3 Nf6 4. e3 d5 5. c4 c6 6. Nc3 Bd6 7. Ne5 O-O 8.
Be2 Qc7 9. c5 Be7 10. Ng6 Qd8 11. Nxf8 Qxf8 12. O-O Nbd7 13. b4 Ne4 14. Qc2
g5 15. Be5 Nxe5 16. dxe5 Qg7 17. f3 Nxc3 18. Qxc3 Bd7 19. f4 g4 20. g3 h5
21. Kf2 h4 22. Rh1 Kf7 23. a4 Rh8 24. Qc1 Qf8 25. Qc3 Rh7 26. Rac1 Qh8 27.
Kg2 a6 28. Qb3 Qf8 29. Qd3 Qd8 30. Bxg4 Qg8 31. Bf3 Rg7 32. Rcg1 Rxg3+ 33.
Kf2 Rxg1 34. Rxg1 Qh8 35. h3 Be8 36. Qf1 Bf8 37. Qg2 Ke7 38. Qg5+ Kd7 39.
Qf6 Qxf6 40. exf6 Bf7 41. Rd1 Kc7 42. a5 Kd7 43. e4 Kc7 44. exf5 exf5 45.
Ke3 Kd7 46. Be2 Ke6 47. Rg1 Bh6 48. Bd3 Kxf6 49. Re1 Be6 50. Be2 Bf7 51.
Rd1 Ke6 52. Bf3 Bg7 53. Kd3 Bf6 54. Re1+ Kd7 55. Bd1 Kd8 { Game drawn by
mutual agreement } 1/2-1/2

[Event "ICC tourney 2248 (120 10)"]
[Site "Internet Chess Club"]
[Date "2020.12.27"]
[Round "3"]
[White "Mozart1"]
[Black "Averyyu321"]
[Result "0-1"]
[ICCResult "White resigns"]
[WhiteElo "1836"]
[BlackElo "1739"]
[Opening "Sicilian: dragon, Yugoslav attack"]
[ECO "B75"]
[NIC "SI.17"]
[Time "12:02:51"]
[PlyCount "84"]
[TimeControl "7200+10"]

1. e4 c5 2. Nf3 d6 3. d4 cxd4 4. Nxd4 Nf6 5. Nc3 g6 6. Be3 Bg7 7. f3 a6 8.
Qd2 Nbd7 9. Bh6 Bxh6 10. Qxh6 b5 11. O-O-O Bb7 12. g4 b4 13. Nce2 Qa5 14.
Kb1 Ng8 15. Qe3 Qb6 16. Qd2 Ne5 17. Ng3 Rc8 18. g5 a5 19. Bb5+ Kf8 20. Qf4
f6 21. gxf6 Nxf6 22. Qh6+ Kf7 23. Rhf1 Rc5 24. Ba4 Ba6 25. Rg1 d5 26. exd5
Rxd5 27. Bb3 Bc4 28. Nge2 Bxb3 29. Nxb3 Rxd1+ 30. Rxd1 a4 31. Nbd4 Rd8 32.
Qf4 Nc6 33. Rd3 e5 34. Nxc6 exf4 35. Nxd8+ Ke7 36. Kc1 g5 37. c4 Nd7 38.
Nf7 Qe6 39. Nd4 Qxc4+ 40. Kd2 Qxf7 41. Nc6+ Ke8 42. Nxb4 Qh5 { White
resigns } 0-1

[Event "ICC tourney 2248 (120 10)"]
[Site "Internet Chess Club"]
[Date "2020.12.27"]
[Round "3"]
[White "steinutz"]
[Black "peekaboopenguin"]
[Result "1/2-1/2"]
[ICCResult "Game drawn by repetition"]
[WhiteElo "1756"]
[BlackElo "1636"]
[Opening "Levitsky attack (Queen's bishop attack)"]
[ECO "D00"]
[NIC "QP.08"]
[Time "12:03:24"]
[PlyCount "126"]
[TimeControl "7200+10"]

1. d4 d5 2. Bg5 Nf6 3. e3 e6 4. Bd3 Be7 5. Nd2 Nbd7 6. Ngf3 O-O 7. O-O b6
8. c3 Bb7 9. Qb1 h6 10. Bxf6 Bxf6 11. h3 e5 12. Nh2 c5 13. dxe5 Nxe5 14.
Be2 Qc7 15. Rc1 Qc6 16. Ndf3 Rfe8 17. Nxe5 Bxe5 18. Nf1 Qf6 19. Bf3 Rad8
20. Rd1 Bc6 21. Qc2 Rd6 22. Rac1 b5 23. Rd2 Red8 24. Nh2 Bxh2+ 25. Kxh2
Qe5+ 26. Kg1 Bd7 27. Rcd1 Be6 28. Qd3 a6 29. a3 Bf5 30. Qf1 Be4 31. Qe2 Qf6
32. Kh2 Kf8 33. Rg1 c4 34. Rd4 Re6 35. Bxe4 dxe4 36. Rgd1 Red6 37. R1d2
Rxd4 38. exd4 Qd6+ 39. Kg1 Qd5 40. Qg4 f5 41. Qf4 g5 42. Qc7 Qd6 43. Qh7
Qf6 44. d5 Rd6 45. Rd4 Qf7 46. Qh8+ Qg8 47. Qe5 Qg6 48. a4 Kf7 49. g4 Qf6
50. Qxf6+ Kxf6 51. axb5 axb5 52. Kf1 fxg4 53. hxg4 Ke5 54. Ke2 Rxd5 55.
Rxd5+ Kxd5 56. Ke3 Ke5 57. f3 exf3 58. Kxf3 Kd5 59. Ke3 Ke5 60. Kf3 Kd5 61.
Ke3 Ke5 62. Kf3 Kd5 63. Ke3 Ke5 { Game drawn by repetition } 1/2-1/2

[Event "ICC tourney 2248 (120 10)"]
[Site "Internet Chess Club"]
[Date "2020.12.27"]
[Round "3"]
[White "imnestorg"]
[Black "GrandWizard"]
[Result "0-1"]
[ICCResult "White resigns"]
[WhiteElo "1638"]
[BlackElo "1806"]
[Opening "Caro-Kann defense"]
[ECO "B15"]
[NIC "CK.05"]
[Time "12:03:28"]
[PlyCount "144"]
[TimeControl "7200+10"]

1. e4 c6 2. d4 d5 3. Nc3 Nf6 4. e5 Nfd7 5. Nf3 e6 6. a3 c5 7. dxc5 Bxc5 8.
b4 Be7 9. Bb2 O-O 10. Bd3 Nc6 11. Qe2 b6 12. O-O Bb7 13. Qe3 h6 14. Rfe1
Rc8 15. Ne2 a5 16. b5 Bc5 17. Qf4 Ne7 18. Ned4 Bxd4 19. Bxd4 Nc5 20. Bxc5
Rxc5 21. a4 Qc7 22. Nd4 Bc8 23. Qe3 Bd7 24. g4 Rc8 25. h4 Qd8 26. h5 Rc3
27. g5 hxg5 28. Qxg5 Nf5 29. Qxd8+ Rxd8 30. Nxf5 exf5 31. Re3 g6 32. hxg6
fxg6 33. f4 Be6 34. Kf2 Kg7 35. Rg3 Rh8 36. Ke3 Rh4 37. Kd4 Rc8 38. Rf1
Rch8 39. Be2 Rh2 40. Ke3 d4+ 41. Kd2 Bc4 42. Re1 Rc8 43. Rd3 Bxd3 44. Kxd3
Rh3+ 45. Kxd4 Rd8+ 46. Kc4 Re3 47. Rd1 Rc8+ 48. Kd5 Rxe2 49. Ke6 Re8+ 50.
Kd7 Kf7 51. Rd6 Re7+ 52. Kc6 Re6 53. c4 g5 54. Kxb6 g4 55. c5 g3 56. c6 g2
57. Rd7+ Re7 58. Rd1 Rf2 59. Rg1 Ke8 60. Kxa5 Ra7+ 61. Kb6 Rxa4 62. c7 Rc4
63. Kb7 Rfc2 64. b6 Kd7 65. Rd1+ Ke6 66. Rd6+ Kf7 67. Rf6+ Kg7 68. Rxf5
g1=Q 69. Rg5+ Qxg5 70. fxg5 Kf7 71. Kc8 Rc6 72. Kb7 Kg6 { White resigns }
0-1

[Event "ICC tourney 2248 (120 10)"]
[Site "Internet Chess Club"]
[Date "2020.12.27"]
[Round "4"]
[White "gmnichek"]
[Black "IveDoneEnough"]
[Result "1-0"]
[ICCResult "Black resigns"]
[WhiteElo "1824"]
[BlackElo "1645"]
[Opening "King's Indian: Sämisch, orthodox variation"]
[ECO "E85"]
[NIC "KI.43"]
[Time "17:18:30"]
[PlyCount "60"]
[TimeControl "7200+10"]

1. d4 Nf6 2. c4 g6 3. Nc3 Bg7 4. e4 d6 5. f3 O-O 6. Be3 e5 7. Nge2 Nc6 8.
d5 Ne7 9. Qd2 c6 10. dxc6 Nxc6 11. O-O-O Ne8 12. Bh6 Be6 13. Bxg7 Nxg7 14.
Nd5 Rc8 15. Kb1 Bxd5 16. cxd5 Ne7 17. h4 f5 18. g3 fxe4 19. fxe4 Ne8 20.
Bh3 Nf6 21. Be6+ Kh8 22. Nc3 Rc4 23. Qe3 Qb6 24. Qxb6 axb6 25. Rhf1 Kg7 26.
Rde1 Nh5 27. Rxf8 Kxf8 28. Re3 Ng7 29. Rf3+ Ke8 30. Nb5 Rc6 { Black resigns
} 1-0

[Event "ICC tourney 2248 (120 10)"]
[Site "Internet Chess Club"]
[Date "2020.12.27"]
[Round "4"]
[White "WallyCleaver"]
[Black "avats"]
[Result "1/2-1/2"]
[ICCResult "Game drawn by mutual agreement"]
[WhiteElo "1318"]
[BlackElo "1589"]
[Opening "French: Rubinstein variation"]
[ECO "C10"]
[NIC "FR.07"]
[Time "17:18:05"]
[PlyCount "26"]
[TimeControl "7200+10"]

1. e4 e6 2. d4 d5 3. Nc3 dxe4 4. Nxe4 Nd7 5. Nf3 Ngf6 6. Nxf6+ Nxf6 7. Bd3
Be7 8. O-O O-O 9. h3 b6 10. Qe2 Bb7 11. Be3 Qd7 12. Rad1 Rfd8 13. c4 Rac8 {
Game drawn by mutual agreement } 1/2-1/2

[Event "ICC tourney 2248 (120 10)"]
[Site "Internet Chess Club"]
[Date "2020.12.27"]
[Round "4"]
[White "JaredMWeiss"]
[Black "mnm2"]
[Result "1-0"]
[ICCResult "Black checkmated"]
[WhiteElo "1670"]
[BlackElo "1510"]
[Opening "Sicilian: Alapin's variation (2.c3)"]
[ECO "B22"]
[NIC "SI.46"]
[Time "17:18:30"]
[PlyCount "43"]
[TimeControl "7200+10"]

1. e4 c5 2. c3 e6 3. d4 cxd4 4. cxd4 d5 5. Nc3 Nf6 6. e5 Nfd7 7. Nf3 Nc6 8.
Bd3 Be7 9. O-O O-O 10. a3 b6 11. Re1 Bb7 12. Re3 Rc8 13. Bxh7+ Kxh7 14.
Ng5+ Bxg5 15. Rh3+ Bh6 16. Qd3+ Kg8 17. Bxh6 Re8 18. Qg3 g6 19. Bg5 Qc7 20.
Qh4 Kg7 21. Qh7+ Kf8 22. Qh8# { Black checkmated } 1-0

[Event "ICC tourney 2248 (120 10)"]
[Site "Internet Chess Club"]
[Date "2020.12.27"]
[Round "4"]
[White "Torsten936"]
[Black "Mozart1"]
[Result "0-1"]
[ICCResult "White resigns"]
[WhiteElo "1704"]
[BlackElo "1836"]
[Opening "QGD: exchange, positional line, 5...c6"]
[ECO "D35"]
[NIC "QO.16"]
[Time "17:17:41"]
[PlyCount "66"]
[TimeControl "7200+10"]

1. d4 d5 2. c4 e6 3. Nc3 Nf6 4. cxd5 exd5 5. Bg5 c6 6. e3 Qb6 7. Qc2 Ne4 8.
Nxe4 dxe4 9. Bc4 Qa5+ 10. Kf1 Qxg5 11. Qxe4+ Be7 12. Nf3 Qf5 13. Qxf5 Bxf5
14. Ke2 Bg4 15. h3 Bxf3+ 16. gxf3 Nd7 17. Rhg1 g6 18. f4 f5 19. a3 O-O-O
20. Rac1 Nf6 21. Rc2 Kb8 22. b4 a6 23. Rb1 Nd5 24. Ba2 h6 25. Kd3 g5 26.
fxg5 hxg5 27. Rcb2 Rxh3 28. Bxd5 Rxd5 29. a4 Bf6 30. b5 Rxd4+ 31. Ke2 Rxa4
32. bxc6 Bxb2 33. Rxb2 Rh7 { White resigns } 0-1

[Event "ICC tourney 2248 (120 10)"]
[Site "Internet Chess Club"]
[Date "2020.12.27"]
[Round "4"]
[White "wahoo"]
[Black "gmcarebear999"]
[Result "0-1"]
[ICCResult "White checkmated"]
[WhiteElo "1661"]
[BlackElo "1752"]
[Opening "Sicilian: dragon, Yugoslav attack, 9.Bc4"]
[ECO "B77"]
[NIC "SI.18"]
[Time "17:17:44"]
[PlyCount "66"]
[TimeControl "7200+10"]

1. e4 c5 2. Nf3 d6 3. d4 cxd4 4. Nxd4 Nf6 5. Nc3 g6 6. Be3 Bg7 7. Bc4 O-O
8. f3 Nc6 9. Qd2 Ne5 10. Bb3 Bd7 11. O-O-O Rc8 12. g4 b5 13. h4 b4 14. Nce2
a5 15. h5 a4 16. Bd5 Nxd5 17. exd5 b3 18. axb3 axb3 19. c3 Nc4 20. Qd3 Qa5
21. Bg5 Nxb2 22. Kxb2 Qa2+ 23. Kc1 b2+ 24. Kd2 b1=Q+ 25. Nc2 Qbb3 26. hxg6
fxg6 27. Rxh7 Kxh7 28. Rh1+ Kg8 29. Qxg6 Bf5 30. gxf5 Qbxc2+ 31. Ke3 Qxe2+
32. Kf4 Rc4+ 33. Kg3 Qg2# { White checkmated } 0-1

[Event "ICC tourney 2248 (120 10)"]
[Site "Internet Chess Club"]
[Date "2020.12.27"]
[Round "4"]
[White "rohu333"]
[Black "Nacaroa-Dan"]
[Result "1/2-1/2"]
[ICCResult "Game drawn by mutual agreement"]
[WhiteElo "1766"]
[BlackElo "1640"]
[Opening "Scandinavian defense"]
[ECO "B01"]
[NIC "SD.03"]
[Time "17:18:30"]
[PlyCount "53"]
[TimeControl "7200+10"]

1. e4 d5 2. exd5 Nf6 3. Nf3 Nxd5 4. d4 Bf5 5. Bd3 Bxd3 6. Qxd3 c6 7. c3 e6
8. O-O Be7 9. Nbd2 O-O 10. Nc4 Nd7 11. Ne3 Bf6 12. Nxd5 cxd5 13. Bf4 a6 14.
a4 Nb6 15. b3 Rc8 16. a5 Na8 17. Rfb1 Nc7 18. c4 Qd7 19. Ne5 Qe7 20. Ng4
Rfd8 21. Nxf6+ Qxf6 22. Qg3 Rd7 23. Be5 Qg6 24. Qxg6 hxg6 25. Bxc7 Rdxc7
26. c5 e5 27. b4 { Game drawn by mutual agreement } 1/2-1/2

[Event "ICC tourney 2248 (120 10)"]
[Site "Internet Chess Club"]
[Date "2020.12.27"]
[Round "4"]
[White "AbleCompany"]
[Black "AlanZ"]
[Result "1-0"]
[ICCResult "Black resigns"]
[WhiteElo "1568"]
[BlackElo "1744"]
[Opening "QGD: Semi-Tarrasch, 5.cd"]
[ECO "D41"]
[NIC "TD.12"]
[Time "17:17:40"]
[PlyCount "51"]
[TimeControl "7200+10"]

1. d4 Nf6 2. c4 e6 3. Nc3 d5 4. Nf3 c5 5. cxd5 Nxd5 6. e4 cxd4 7. Qxd4 Nxc3
8. Qxd8+ Kxd8 9. bxc3 Bc5 10. Ne5 Ke7 11. Nd3 Bb6 12. Ba3+ Ke8 13. Ne5 f6
14. Bb5+ Bd7 15. Nxd7 Nxd7 16. Rd1 Rd8 17. Rd6 Kf7 18. Rxd7+ Rxd7 19. Bxd7
Rd8 20. Bb5 Ba5 21. Ke2 Bxc3 22. Rd1 Rxd1 23. Kxd1 Bd4 24. f3 a6 25. Bd7 b5
26. Kc2 { Black resigns } 1-0

[Event "ICC tourney 2248 (120 10)"]
[Site "Internet Chess Club"]
[Date "2020.12.27"]
[Round "4"]
[White "Deveshc"]
[Black "MYMChessWyatt"]
[Result "1-0"]
[ICCResult "Black checkmated"]
[WhiteElo "1491"]
[BlackElo "1232"]
[Opening "Sicilian: Smith-Morra gambit"]
[ECO "B21"]
[NIC "SI.48"]
[Time "17:17:37"]
[PlyCount "119"]
[TimeControl "7200+10"]

1. e4 c5 2. d4 cxd4 3. c3 dxc3 4. Nxc3 d6 5. Bc4 e6 6. Nf3 Be7 7. Qe2 Nf6
8. O-O O-O 9. Rd1 Bd7 10. Bf4 Qc7 11. Bb3 a6 12. Rac1 Nc6 13. Nd5 Nxd5 14.
exd5 exd5 15. Qxe7 Nxe7 16. Rxc7 Ng6 17. Bxd6 Rfd8 18. Bxd5 Ba4 19. Bxf7+
Kh8 20. b3 Bb5 21. Bxg6 hxg6 22. Rd2 Rac8 23. Rxc8 Rxc8 24. h3 Rc1+ 25. Kh2
Bc6 26. Bf4 Bxf3 27. Rd8+ Kh7 28. Bxc1 Bc6 29. Rf8 b5 30. Bb2 Bd5 31. Re8
a5 32. Re7 a4 33. Rxg7+ Kh6 34. bxa4 bxa4 35. a3 Bb3 36. Rb7 Bc4 37. Rb4
Bb3 38. Rxb3 axb3 39. a4 Kg5 40. a5 Kf5 41. a6 Ke6 42. a7 Kd7 43. a8=Q Ke6
44. Qc6+ Kf5 45. Qd5+ Kf4 46. Qxb3 g5 47. Qg3+ Kf5 48. Qg4+ Kg6 49. Bc1 Kf6
50. Qxg5+ Ke6 51. h4 Kf7 52. h5 Ke6 53. h6 Kd7 54. h7 Kc6 55. h8=Q Kd7 56.
Qgg7+ Ke6 57. Qhh6+ Kd5 58. Qgg5+ Kc4 59. Qhh4+ Kd3 60. Qd2# { Black
checkmated } 1-0

[Event "ICC tourney 2248 (120 10)"]
[Site "Internet Chess Club"]
[Date "2020.12.27"]
[Round "4"]
[White "BlueZillop"]
[Black "mdbgaccp"]
[Result "0-1"]
[ICCResult "White checkmated"]
[WhiteElo "1363"]
[BlackElo "1804"]
[Opening "QGD: exchange variation"]
[ECO "D35"]
[NIC "QO.16"]
[Time "17:17:51"]
[PlyCount "62"]
[TimeControl "7200+10"]

1. c4 e6 2. d4 Nf6 3. Nc3 d5 4. cxd5 exd5 5. Nf3 Be7 6. g3 O-O 7. Bg2 Re8
8. O-O c6 9. Re1 Nbd7 10. Bf4 Nf8 11. Ne5 Ng6 12. Nxg6 hxg6 13. e4 dxe4 14.
Nxe4 Nxe4 15. Bxe4 Qb6 16. d5 Bc5 17. Qc2 cxd5 18. Bxd5 Bf5 19. Rxe8+ Rxe8
20. Qa4 Re2 21. Bxf7+ Kxf7 22. Qc4+ Re6 23. Rd1 Bxf2+ 24. Kg2 Be4+ 25. Kh3
Qc6 26. Qf1 Bf5+ 27. g4 Re3+ 28. Bg3 Bxg4+ 29. Kxg4 Qe6+ 30. Kh4 Re4+ 31.
Kg5 Qf5# { White checkmated } 0-1

[Event "ICC tourney 2248 (120 10)"]
[Site "Internet Chess Club"]
[Date "2020.12.27"]
[Round "4"]
[White "Elias1302"]
[Black "MathMonkey"]
[Result "1-0"]
[ICCResult "Black checkmated"]
[WhiteElo "1609"]
[BlackElo "1187"]
[Opening "Giuoco Pianissimo"]
[ECO "C50"]
[NIC "IG.02"]
[Time "17:17:43"]
[PlyCount "145"]
[TimeControl "7200+10"]

1. e4 e5 2. Nf3 Nc6 3. Bc4 Bc5 4. d3 Nf6 5. O-O O-O 6. c3 d6 7. h3 h6 8.
Re1 a6 9. Nbd2 b5 10. Bb3 Be6 11. Bxe6 fxe6 12. Nf1 Nh5 13. d4 exd4 14.
cxd4 Bb6 15. Be3 Nf4 16. Bxf4 Rxf4 17. Qc1 Rxf3 18. gxf3 Nxd4 19. Qc3 Qg5+
20. Ng3 Rf8 21. Re3 e5 22. Kh2 b4 23. Qd3 Qf4 24. Kg2 Nc2 25. Qxc2 Bxe3 26.
Qb3+ Kh7 27. Qxe3 Qxe3 28. fxe3 g6 29. Rc1 c5 30. Rd1 Rf6 31. h4 a5 32. h5
a4 33. hxg6+ Kxg6 34. Nf5 c4 35. Nxd6 c3 36. bxc3 bxc3 37. Nb5 c2 38. Rc1
Rc6 39. Kf2 h5 40. Na3 h4 41. Rxc2 Rf6 42. Rc1 Kh5 43. Rc5 Re6 44. Nc4 Rg6
45. Rxe5+ Kh6 46. f4 h3 47. Rg5 Rc6 48. Ne5 Rc2+ 49. Kg3 h2 50. Ng4+ Kh7
51. Rh5+ Kg6 52. Rxh2 Rc3 53. Kf3 a3 54. Ne5+ Kf6 55. Rh6+ Kg7 56. Rc6 Rxc6
57. Nxc6 Kf6 58. Na5 Ke7 59. Nc4 Ke6 60. Nxa3 Kd7 61. Nc4 Kc8 62. f5 Kd8
63. e5 Ke7 64. a4 Kd7 65. a5 Kc6 66. f6 Kb5 67. f7 Kxc4 68. f8=Q Kb5 69. e6
Kxa5 70. e7 Kb5 71. e8=Q+ Kc4 72. Qc8+ Kd3 73. Qd6# { Black checkmated }
1-0

[Event "ICC tourney 2248 (120 10)"]
[Site "Internet Chess Club"]
[Date "2020.12.27"]
[Round "4"]
[White "fireheart"]
[Black "BillietheKid"]
[Result "1-0"]
[ICCResult "Black resigns"]
[WhiteElo "1620"]
[BlackElo "1451"]
[Opening "French: Marshall variation"]
[ECO "C10"]
[NIC "FR.04"]
[Time "17:17:56"]
[PlyCount "49"]
[TimeControl "7200+10"]

1. e4 e6 2. d4 d5 3. Nc3 c5 4. exd5 cxd4 5. Qxd4 Nf6 6. Bb5+ Bd7 7. dxe6
fxe6 8. Bxd7+ Nbxd7 9. Nf3 Bc5 10. Qc4 Qe7 11. O-O Rc8 12. Qe2 O-O 13. Re1
Rfe8 14. Bf4 Nh5 15. Bg5 Qf7 16. Ne4 Bf8 17. Rad1 h6 18. Be3 Nhf6 19. Nd6
Bxd6 20. Rxd6 Nd5 21. Bd2 Rxc2 22. Rxd5 Nf6 23. Re5 Rxb2 24. Qc4 b5 25.
Rxb5 { Black resigns } 1-0

[Event "ICC tourney 2248 (120 10)"]
[Site "Internet Chess Club"]
[Date "2020.12.27"]
[Round "4"]
[White "jackl514"]
[Black "Legolas08"]
[Result "1/2-1/2"]
[ICCResult "Game drawn by mutual agreement"]
[WhiteElo "1580"]
[BlackElo "1807"]
[Opening "Caro-Kann: classical, Spassky variation"]
[ECO "B19"]
[NIC "CK.12"]
[Time "17:17:48"]
[PlyCount "62"]
[TimeControl "7200+10"]

1. e4 c6 2. d4 d5 3. Nd2 dxe4 4. Nxe4 Bf5 5. Ng3 Bg6 6. h4 h6 7. Nf3 Nd7 8.
h5 Bh7 9. Bd3 Bxd3 10. Qxd3 e6 11. Bf4 Qa5+ 12. Bd2 Qc7 13. O-O-O Ngf6 14.
Ne4 Nxe4 15. Qxe4 Nf6 16. Qe2 O-O-O 17. c3 Bd6 18. Ne5 Bxe5 19. dxe5 Nd5
20. f4 Ne7 21. Be3 Nf5 22. Bf2 Qa5 23. Kb1 Qa4 24. Qc2 Qxf4 25. Bxa7 Qxe5
26. Bb6 Rxd1+ 27. Rxd1 Ne7 28. c4 Qf5 29. Rd3 Qf1+ 30. Rd1 Qf5 31. Rd3 Qf1+
{ Game drawn by mutual agreement } 1/2-1/2

[Event "ICC tourney 2248 (120 10)"]
[Site "Internet Chess Club"]
[Date "2020.12.27"]
[Round "4"]
[White "NL008"]
[Black "muzikmixer"]
[Result "1-0"]
[ICCResult "Black resigns"]
[WhiteElo "1534"]
[BlackElo "1633"]
[Opening "Pirc: Ufimtsev-Pytel variation"]
[ECO "B07"]
[NIC "PU.08"]
[Time "17:17:42"]
[PlyCount "117"]
[TimeControl "7200+10"]

1. e4 d6 2. d4 Nf6 3. Nc3 c6 4. Nf3 Bg4 5. h3 Bh5 6. g4 Bg6 7. Bd3 e6 8.
Bf4 Be7 9. Qd2 a6 10. h4 d5 11. e5 Nxg4 12. h5 Bxd3 13. Qxd3 Nh6 14. Bxh6
gxh6 15. Rg1 Bg5 16. Ne2 Nd7 17. Nd2 f5 18. O-O-O Bxd2+ 19. Rxd2 Qh4 20.
Qf3 O-O-O 21. Nf4 Qe7 22. Rdd1 Rdg8 23. Rg3 Rg5 24. Rdg1 Rhg8 25. Nh3 Rxg3
26. Rxg3 Rxg3 27. Qxg3 Qf7 28. Nf4 b5 29. b4 Kb7 30. Kb2 Ka7 31. c3 Nb6 32.
Kc2 Nc4 33. Qg1 Kb7 34. Qg3 Kc7 35. Qg7 Qxg7 36. Nxe6+ Kd7 37. Nxg7 f4 38.
Nf5 Ke6 39. Nxh6 Nxe5 40. dxe5 Kxe5 41. Nf7+ Kf6 42. Nd8 Kg5 43. Nxc6 Kxh5
44. Ne7 Kg5 45. Nxd5 h5 46. Kd2 Kg4 47. Nf6+ Kg5 48. Nxh5 Kxh5 49. Kd3 Kh4
50. Ke4 Kg4 51. f3+ Kg3 52. a3 Kf2 53. Kxf4 Ke2 54. Ke4 Kd2 55. Kd4 Kc2 56.
f4 Kb3 57. f5 Kxa3 58. f6 a5 59. bxa5 { Black resigns } 1-0

[Event "ICC tourney 2248 (120 10)"]
[Site "Internet Chess Club"]
[Date "2020.12.27"]
[Round "4"]
[White "uzkuzk"]
[Black "vober6"]
[Result "0-1"]
[ICCResult "White resigns"]
[WhiteElo "1809"]
[BlackElo "1876"]
[Opening "Giuoco Piano"]
[ECO "C50"]
[NIC "IG.02"]
[Time "17:17:37"]
[PlyCount "54"]
[TimeControl "7200+10"]

1. e4 e5 2. Nf3 Nc6 3. Bc4 Bc5 4. O-O Nf6 5. d3 O-O 6. c3 d6 7. Nbd2 a5 8.
Bb3 h6 9. Re1 Ng4 10. Re2 Be6 11. Nf1 Bb6 12. Ng3 d5 13. h3 Nxf2 14. Rxf2
Bxf2+ 15. Kxf2 dxe4 16. Nxe4 Bxb3 17. axb3 f5 18. Ng3 e4 19. Ne1 e3+ 20.
Kg1 Qg5 21. Kh2 f4 22. Ne4 Qd5 23. b4 Rad8 24. Qf3 Ne5 25. Qh5 Nxd3 26.
Qxd5+ Rxd5 27. Nxd3 Rxd3 { White resigns } 0-1

[Event "ICC tourney 2248 (120 10)"]
[Site "Internet Chess Club"]
[Date "2020.12.27"]
[Round "4"]
[White "sushivishwa"]
[Black "aditya7708"]
[Result "1-0"]
[ICCResult "Black checkmated"]
[WhiteElo "1755"]
[BlackElo "1524"]
[Opening "Sicilian: closed"]
[ECO "B23"]
[NIC "SI.44"]
[Time "17:18:24"]
[PlyCount "35"]
[TimeControl "7200+10"]

1. e4 c5 2. Nc3 d6 3. f4 Nc6 4. Nf3 e6 5. Bc4 g6 6. d3 Bg7 7. O-O Nge7 8.
Qe1 O-O 9. f5 exf5 10. Qh4 Ne5 11. Bg5 Re8 12. Nd5 N5c6 13. Nf6+ Kf8 14.
Nxh7+ Kg8 15. Nf6+ Kf8 16. Qh7 d5 17. Qg8+ Nxg8 18. Nh7# { Black checkmated
} 1-0

[Event "ICC tourney 2248 (120 10)"]
[Site "Internet Chess Club"]
[Date "2020.12.27"]
[Round "4"]
[White "MartyJR"]
[Black "hello12"]
[Result "0-1"]
[ICCResult "White resigns"]
[WhiteElo "1635"]
[BlackElo "1475"]
[Opening "Queen's pawn: London system"]
[ECO "A45"]
[NIC "QP.07"]
[Time "17:17:59"]
[PlyCount "80"]
[TimeControl "7200+10"]

1. d4 Nf6 2. Bf4 g6 3. e3 d5 4. Nf3 Bg7 5. Nbd2 O-O 6. Bd3 Bg4 7. Be2 e6 8.
h3 Bf5 9. Bd3 Bxd3 10. cxd3 Nbd7 11. Rc1 Rc8 12. O-O c5 13. dxc5 Nxc5 14.
d4 Nd3 15. Rxc8 Qxc8 16. Qb3 Nxf4 17. exf4 Qc7 18. Ne5 Nh5 19. g3 Rc8 20.
Ndf3 Nf6 21. Re1 Ne4 22. Re2 b6 23. Kg2 Qc1 24. Qa4 Bxe5 25. Nxe5 Nd2 26.
Rxd2 Qxd2 27. Qd7 Rf8 28. Qxa7 Qxd4 29. Nd7 Rc8 30. Ne5 Qe4+ 31. Nf3 d4 32.
Qd7 Rc2 33. Qd8+ Kg7 34. Qxb6 d3 35. Qd6 d2 36. b4 Qd5 37. Qxd5 exd5 38.
Nxd2 Rxd2 39. a3 Ra2 40. b5 Rxa3 { White resigns } 0-1

[Event "ICC tourney 2248 (120 10)"]
[Site "Internet Chess Club"]
[Date "2020.12.27"]
[Round "4"]
[White "Niteshc"]
[Black "mnm1"]
[Result "1/2-1/2"]
[ICCResult "Game drawn by mutual agreement"]
[WhiteElo "1644"]
[BlackElo "1460"]
[Opening "Sicilian: Smith-Morra gambit"]
[ECO "B21"]
[NIC "SI.48"]
[Time "17:17:44"]
[PlyCount "48"]
[TimeControl "7200+10"]

1. e4 c5 2. d4 cxd4 3. c3 dxc3 4. Nxc3 d6 5. Bc4 e6 6. Nf3 Nf6 7. Qe2 Be7
8. O-O O-O 9. Rd1 Nc6 10. e5 Ne8 11. exd6 Nxd6 12. Bf4 a6 13. Bxd6 Bxd6 14.
Ne4 Bxh2+ 15. Nxh2 Qe7 16. Bd3 b5 17. Qh5 h6 18. Rac1 Nd4 19. Nc5 Rd8 20.
Be4 Rb8 21. Qe5 Ne2+ 22. Kh1 Nxc1 23. Rxc1 Rb6 24. Nd3 Bb7 { Game drawn by
mutual agreement } 1/2-1/2

[Event "ICC tourney 2248 (120 10)"]
[Site "Internet Chess Club"]
[Date "2020.12.27"]
[Round "4"]
[White "Supersamraat"]
[Black "imnestorg"]
[Result "1-0"]
[ICCResult "Black resigns"]
[WhiteElo "1539"]
[BlackElo "1638"]
[Opening "Queen's pawn, Mason variation, Steinitz counter-gambit"]
[ECO "D00"]
[NIC "QP.08"]
[Time "17:18:07"]
[PlyCount "61"]
[TimeControl "7200+10"]

1. d4 d5 2. Bf4 c5 3. c3 Nf6 4. e3 e6 5. Nd2 Be7 6. Bd3 c4 7. Be2 Bd7 8. b3
b5 9. a4 bxa4 10. bxc4 dxc4 11. Nxc4 O-O 12. Ne5 Nc6 13. Nxd7 Qxd7 14. Qxa4
Nd5 15. Bf3 Rfc8 16. Ne2 g5 17. Bg3 f5 18. O-O g4 19. Bxd5 Qxd5 20. c4 Qd8
21. Nf4 Kf7 22. c5 Bg5 23. Rfb1 Qe7 24. Nd3 h5 25. Bd6 Qd7 26. Qxc6 Qxc6
27. Ne5+ Ke8 28. Nxc6 Rxc6 29. Rb7 a5 30. Rg7 Bf6 31. Rg8+ { Black resigns
} 1-0